 Dungeon Crawl Stone Soup version 0.31-a0-844-gdc52ec4e09 (webtiles) character file.

Game seed: 11541055160473593058

3 Bravepunisher the Ducker (level 1, -1/11 HPs)
             Began as a Spriggan Monk on Sept 29, 2023.
             Slain by a hound (4 damage)
             ... on level 3 of the Dungeon.
             The game lasted 00:01:13 (176 turns).

Bravepunisher the Ducker (Spriggan Monk)             Turns: 176, Time: 00:01:14

Health: -1/11      AC:  2    Str:  7    XL:     1   Next: 41%
Magic:  3/14       EV: 18    Int: 11    God:
Gold:   8          SH:  0    Dex: 17    Spells: 0/0 levels left

rFire   . . .        a - +0 short sword
rCold   . . .        (no shield)
rNeg    . . .        b - +0 robe
rPois   .            (helmet restricted)
rElec   .            (no cloak)
rCorr   .            (gloves unavailable)
SInv    +            (boots unavailable)
Will    .....        d
                       - Hermit's Pendant {Faith Invo=14 Evo=0 MP+5}
Stlth   ++           (no ring)
HPRegen 0.21/turn    (no ring)
MPRegen 0.14/turn

%: faith
@: very quick
A: very small, no large weapons, unfitting armour, see invisible, speed 3
a: no special abilities


You were on level 3 of the Dungeon.
You visited 1 branch of the dungeon, and saw 3 of its levels.

You collected 8 gold pieces.

Inventory:

Hand Weapons
 a - a +0 short sword (weapon)
Armour
 b - a +0 robe (worn)
Jewellery
 d - the Hermit's Pendant (around neck) {Faith Invo=14 Evo=0 MP+5}
   (You found it on level 3 of the Dungeon)

   [amulet of faith]

   Invo=14: It sets your Invocations skill to 14.
   Evo=0: It sets your Evocations skill to 0.
   Faith:     It allows you to gain divine favour quickly.
   MP+5:      It affects your magic capacity (+5).
Potions
 c - a potion of ambrosia


   Skills:
 * Level 2.5 Fighting
 - Level 3.2 Short Blades
 + Level 4.1 Dodging


You couldn't memorise any spells.
You didn't know any spells.
Your spell library was empty.

Dungeon Overview and Level Annotations

Branches:
Dungeon (3/15)

Altars:


Innate Abilities, Weirdness & Mutations

You are very small and have problems with some larger weapons.
You are too small for most types of armour.
You have supernaturally acute eyesight. (SInv)
You cover ground extremely quickly. (Speed+++)


Message History

Found a war axe.
There is an escape hatch in the floor here.
You drop a ring of willpower.
You slide downwards.
The hatch slams shut behind you.
Found the Hermit's Pendant {Faith Invo=14 Evo=0 MP+5}.
Found a faded altar of an unknown god.
The hound barks!
There is a faded altar of an unknown god here.
You see here the Hermit's Pendant {Faith Invo=14 Evo=0 MP+5}.
d - the Hermit's Pendant {Faith Invo=14 Evo=0 MP+5} The hound barely misses you.
The hound bites you. The hound attacks as it pursues you!
The hound completely misses you.
Okay, then.
You start putting on your amulet.
You continue putting on the Hermit's Pendant {Faith Invo=14 Evo=0 MP+5}. x2
HP restored.
The hound bites you but does no damage.
You continue putting on the Hermit's Pendant {Faith Invo=14 Evo=0 MP+5}.
The hound closely misses you. The hound completely misses you.
You continue putting on the Hermit's Pendant {Faith Invo=14 Evo=0 MP+5}.
The hound bites you.
You continue putting on the Hermit's Pendant {Faith Invo=14 Evo=0 MP+5}.
The hound misses you. The hound bites you.
You finish putting on the Hermit's Pendant {Faith Invo=14 Evo=0 MP+5}.
You feel a strange surge of divine interest.
d - the Hermit's Pendant (around neck) {Faith Invo=14 Evo=0 MP+5} Unknown command.
The hound bites you.
* * * LOW HITPOINT WARNING * * *
The hound attacks as it pursues you! The hound closely misses you.
The hound attacks as it pursues you! The hound completely misses you.
A kobold comes into view. It is wielding a +0 dagger.
The kobold shouts!
Found a scroll labelled OMYLUQ XESUDIGG.
A hobgoblin comes into view.
The kobold barely misses you.
You closely miss the kobold.
The hobgoblin shouts!
The kobold misses you.
You barely miss the kobold. The hound closely misses you. The hound bites you.
You die...

#. #g #. #. #?##
..# #K# #@# ####
#######h# .#.#####
#.......#
#...#..###.#######
##.#.#.......#
#######.##.#.#
#.....#.#
##.####.# #.# #.#


You could see a hound, a hobgoblin and a kobold.

Vanquished Creatures
  2 quokkas (D:1)
  A rat (D:1)
3 creatures vanquished.

Notes
Turn   | Place    | Note
-------+----------+-------------------------------------------
     0 | D:1      | Bravepunisher the Spriggan Monk began the quest for the
                  | Orb.
     0 | D:1      | Reached XP level 1. HP: 11/11 MP: 2/2
   136 | D:3      | Noticed a hound
   136 | D:3      | Found the Hermit's Pendant {Faith Invo=14 Evo=0 MP+5}
   136 | D:3      | Found a faded altar of an unknown god.
   176 | D:3      | Slain by a hound

Illustrated notes

Levels and vault maps discovered:
D:1:      erik_arrival_cave_to_civilisation [erik_arrival_cave_to_hall],
          layout_loops_ring, ebering_ecumenical_altar_rust,
          minmay_misc_feat_rugged
D:2:      layout_basic, minmay_box_of_dots, uniq_terence
D:3:      layout_loops_cross, hellmonk_guarded_unrand_hermit

Action                     || total
---------------------------++-------
  Melee: Short sword       ||     9
   Stab: Sleeping          ||     1
 Armour: Robe              ||    12
  Dodge: Dodged            ||    19

Table legend: (Time is in decaauts)
 A = Elapsed time spent in this place.
 B = Non-inter-level travel time spent in this place.
 C = Inter-level travel time spent in this place.
 D = Time resting spent in this place.
 E = Time spent auto-exploring this place.
 F = Levels seen in this place.
 G = Mean time per level.
                   A        B        C        D        E       F      G
               +--------+--------+--------+--------+--------+-----+--------+
         Total |    127 |    127 |      0 |      0 |     43 |   3 |   42.3 |
       Dungeon |    127 |    127 |      0 |      0 |     43 |   3 |   42.3 |
               +--------+--------+--------+--------+--------+-----+--------+

Top non-repeatable levels by time:
     D:1: 75 daAuts
     D:3: 26 daAuts
     D:2: 25 daAuts
